 Dungeon Crawl Stone Soup version 0.23-a0-481-g60b89c1 (webtiles) character file.

597 theanonym the Grave Robber (level 7, -3/46 HPs)
             Began as a Mummy Necromancer on Nov 30, 2018.
             Was an Initiate of Sif Muna.
             Slain by an ogre
             ... wielding a +0 giant club
              (23 damage)
             ... on level 4 of the Dungeon.
             The game lasted 00:10:56 (4649 turns).

theanonym the Grave Robber (Mummy Necromancer)      Turns: 4649, Time: 00:10:57

Health: -3/46      AC:  5    Str: 12    XL:     7   Next: 17%
Magic:  10/15      EV: 11    Int: 16    God:    Sif Muna [......]
Gold:   211        SH:  0    Dex: 12    Spells: 8/17 levels left

rFire    x . .     SeeInvis .   a - +1 rapier (elec)
rCold    + . .     Gourm    .   (no shield)
rNeg     + + +     Faith    .   c - +0 leather armour
rPois    ∞         Spirit   .   f - +0 helmet
rElec    .         Reflect  .   (no cloak)
rCorr    .         Harm     .   e - +0 pair of gloves
MR       .....                  (no boots)
Stlth    +.........             (no amulet)
HPRegen  0.15/turn              (no ring)
MPRegen  0.14/turn              (no ring)

@: no status effects
A: no food or potions, fire vulnerability, cold resistance 1, negative energy
resistance 3, torment resistance, unbreathing
a: Renounce Religion


Innate Abilities, Weirdness & Mutations

You do not eat or drink.
Your flesh is vulnerable to fire.
You are immune to poison.
Your flesh is cold resistant. (rC+)
You are immune to negative energy. (rN+++)
You are immune to unholy pain and torment.
You can survive without breathing.


   Skills:
 + Level 3.4 Short Blades
 - Level 1.5 Dodging
 - Level 1.5 Stealth
 + Level 5.9 Spellcasting
 - Level 6.0 Necromancy


You had 8 spell levels left.
You knew the following spells:

 Your Spells              Type           Power        Failure   Level  Hunger
a - Pain                  Necr           ###.         1%          1    N/A
b - Animate Skeleton      Necr           N/A          1%          1    N/A
c - Vampiric Draining     Necr           ###.......   4%          3    N/A
e - Animate Dead          Necr           N/A          14%         4    N/A

Your spell library contained the following spells:

 Spells                   Type           Power        Failure   Level  Hunger
 Regeneration             Chrm/Necr      Unusable     N/A         3    N/A

Skill      XL: |  1  2  3  4  5  6  7 |
---------------+----------------------+-----
Spellcasting   | 3 4 5 |  5.9
Short Blades   | 1 2 3 |  3.4
Necromancy     | 5 6 |  6.0
Dodging        | |  1.5
Stealth        | |  1.5

Action                   |  1- 3 |  4- 6 |  7- 9 || total
-------------------------+-------+-------+-------++-------
Melee: Dagger            |    36 |    42 |       ||    78
       Club              |     1 |       |       ||     1
       Rapier            |       |    66 |    14 ||    80
 Cast: Pain              |    59 |    72 |     7 ||   138
       Animate Skeleton  |     8 |    10 |       ||    18
       Vampiric Draining |     1 |     6 |       ||     7
       Animate Dead      |       |    10 |     2 ||    12
Evoke: Wand              |       |     2 |     3 ||     5
  Use: Scroll            |     1 |     5 |       ||     6
 Stab: Sleeping          |     1 |       |       ||     1
       Paralysed         |       |     4 |       ||     4
       Distracted        |       |     1 |       ||     1
Armor: Robe              |    13 |     3 |       ||    16
       Leather armour    |       |    36 |     3 ||    39
Dodge: Dodged            |    35 |    59 |     3 ||    97

Inventory:

Hand Weapons
 a - a +1 rapier of electrocution (weapon)
   (You took it off an orc on level 2 of the Dungeon)
Armour
 c - a +0 leather armour (worn)
   (You found it on level 3 of the Dungeon)
 e - a +0 pair of gloves (worn)
   (You found it on level 2 of the Dungeon)
 f - a +0 helmet (worn)
   (You took it off Robin on level 2 of the Dungeon)
Wands
 b - a wand of random effects (21)
   (You took it off Jessica on level 2 of the Dungeon)
Scrolls
 d - a scroll of enchant armour
 g - 2 scrolls of enchant weapon {unknown}
 n - 3 scrolls of remove curse
 t - a scroll of teleportation {!r}
 y - a scroll of magic mapping


You were on level 4 of the Dungeon.
You worshipped Sif Muna.
Sif Muna was noncommittal.
You were not hungry.

You visited 1 branch of the dungeon, and saw 4 of its levels.

You collected 211 gold pieces.

Dungeon Overview and Level Annotations

Branches:
Dungeon (4/15)
 Temple: D:4-7

Altars:
Elyvilon
Sif Muna
Xom

####...o #......o ##
#.....# .. .?...+
#.#######.....#
#.#...........##
..####.#.####(###...#
..'...oO.).....(#)###
..####.#@####.#)[.#.#
#.#.# #.##(.#.# #.#.#
#.......#
#.#.########(#.#
#.#........<...#
#.......####..##
#.......'......#
#......#####.(#
#.....Z######.#


You could see an ogre and an orc.

Notes
Turn   | Place    | Note
-------+----------+-------------------------------------------
     0 | D:1      | theanonym the Mummy Necromancer began the quest for the
                  | Orb.
     0 | D:1      | Reached XP level 1. HP: 13/13 MP: 4/4
   111 | D:1      | Reached skill level 3 in Spellcasting
   148 | D:1      | Reached XP level 2. HP: 13/19 MP: 0/6
   267 | D:1      | Learned a level 1 spell: Animate Skeleton
  1108 | D:2      | Reached XP level 3. HP: 24/24 MP: 5/7
  1114 | D:2      | Noticed Robin
  1128 | D:2      | HP: 11/24 [goblin/+1 dagger of speed[Robin] (3)]
  1133 | D:2      | HP: 9/24 [Robin/goblin (2)]
  1177 | D:2      | HP: 12/24 [goblin/+0 dagger[Robin] (1)]
  1180 | D:2      | Reached skill level 1 in Short Blades
  1347 | D:2      | Learned a level 3 spell: Vampiric Draining
  1449 | D:2      | Killed Robin
  1737 | D:2      | Found a white marble altar of Elyvilon.
  1745 | D:2      | Reached XP level 4. HP: 30/30 MP: 6/9
  1866 | D:2      | Noticed Jessica
  1869 | D:2      | Killed Jessica
  1869 | D:2      | Reached skill level 4 in Spellcasting
  2664 | D:3      | Learned a level 4 spell: Animate Dead
  2729 | D:3      | theanonym: !lg . mune
  2729 | D:3      | beem: 10. theanonym the Destroyer (L12 MuNe of Vehumet),
                  | demolished by a six-headed hydra on Lair:2 on 2018-11-26
                  | 00:26:33, with 19742 points after 25538 turns and 0:50:04.
  2756 | D:3      | Noticed a centaur
  2760 | D:3      | HP: 11/30 [centaur (9)]
  2764 | D:3      | Killed a centaur
  2764 | D:3      | Reached skill level 2 in Short Blades
  2764 | D:3      | Reached skill level 5 in Necromancy
  2764 | D:3      | Reached XP level 5. HP: 19/35 MP: 0/12
  3299 | D:3      | Found a shimmering altar of Xom.
  3302 | D:3      | Found a shimmering altar of Xom.
  3303 | D:3      | Found a shimmering altar of Xom.
  3317 | D:3      | Found a shimmering altar of Xom.
  3328 | D:3      | Reached skill level 5 in Spellcasting
  3328 | D:3      | Reached XP level 6. HP: 41/41 MP: 13/13
  3428 | D:3      | Noticed Ijyb
  3435 | D:3      | Killed Ijyb
  3471 | D:3      | Found a faded altar of an unknown god.
  3522 | D:3      | Found a deep blue altar of Sif Muna.
  3633 | D:3      | Became a worshipper of Sif Muna the Loreminder
  3993 | D:4      | Noticed Eustachio
  4011 | D:4      | Killed Eustachio
  4011 | D:4      | Reached skill level 3 in Short Blades
  4269 | D:3      | HP: 12/41 [something/puff of flame (13)]
  4533 | D:4      | Reached XP level 7. HP: 40/46 MP: 9/15
  4646 | D:4      | Reached skill level 6 in Necromancy
  4648 | D:4      | HP: 20/46 [ogre/+0 giant club (20)]
  4649 | D:4      | Slain by an ogre

Vanquished Creatures
  Eustachio (D:4)
  A howler monkey (D:4)
  An orc priest (D:4)
  Jessica (D:2)
  Ijyb (D:3)
  3 orc wizards
  Robin (D:2)
  5 adders
  An ooze (D:3)
  6 worms
  6 dart slugs
  2 leopard geckos (D:3)
  12 orcs
  A ball python (D:2)
  4 giant cockroaches
  12 goblins
  9 hobgoblins
  15 kobolds
  5 quokkas
  6 bats
  7 frilled lizards
  A quokka skeleton (D:4)
  4 rats
105 creatures vanquished.

Vanquished Creatures (collateral kills)
  A centaur (D:3)
  A goblin (D:1)
  A kobold (D:1)
3 creatures vanquished.

Vanquished Creatures (others)
  3 toadstools (D:1)
3 creatures vanquished.

Grand Total: 111 creatures vanquished

Table legend:
 A = Turns spent in this place as a percentage of turns spent in the entire game.
 B = Non-inter-level travel turns spent in this place as a percentage of non-inter-level travel turns spent in the entire game.
 C = Inter-level travel turns spent in this place as a percentage of turns spent in this place.
 D = Turns resting spent in this place as a percentage of non-inter-level travel turns spent in this place.
 E = Turns spent auto-exploring this place as a percentage of non-inter-level travel turns spent in this place.
 F = Non-inter-level travel turns spent in this place divided by the number of levels of this place that you've seen.
                   A       B       C       D       E      F
               +-------+-------+-------+-------+-------+----------------------
         Total | 100.0 | 100.0 |   1.5 |  47.9 |  32.6 | 1144.5
       Dungeon | 100.0 | 100.0 |   1.5 |  47.9 |  32.6 | 1144.5
               +-------+-------+-------+-------+-------+----------------------
